 Dungeon Crawl Stone Soup version 0.31-a0-441-g867994ef1c (webtiles) character file.

Game seed: 11271146741292700465

49 snetch the Chopper (level 3, 0/33 HPs)
             Began as a Minotaur Berserker on Aug 2, 2023.
             Was a Follower of Trog.
             Killed from afar by an orc wizard (5 damage)
             ... with a magic dart
             ... on level 3 of the Dungeon.
             The game lasted 00:01:15 (465 turns).

snetch the Chopper (Minotaur Berserker)              Turns: 465, Time: 00:01:16

Health: 0/33       AC:  5    Str: 23    XL:     3   Next: 51%
Magic:  2/2        EV: 11    Int:  4    God:    Trog [*.....]
Gold:   11         SH:  0    Dex:  9    Spells: 2/2 levels left

rFire   . . .        a - +0 hand axe
rCold   . . .        (no shield)
rNeg    + . .        h - +0 ring mail
rPois   .            (helmet restricted)
rElec   .            (no cloak)
rCorr   .            (no gloves)
SInv    .            (no boots)
Will    .....        (no amulet) Stlth
                     d - ring of positive energy
HPRegen 0.25/turn    (no ring)
MPRegen 0.08/turn

%: no passive effects
@: confused, on berserk cooldown, slowed, very slow
A: horns 2, retaliatory headbutt
a: Renounce Religion, Berserk


You were on level 3 of the Dungeon.
You worshipped Trog.
Trog was aware of your devotion.
You visited 1 branch of the dungeon, and saw 3 of its levels.

You collected 11 gold pieces.

Inventory:

Hand Weapons
 a - a +0 hand axe (weapon)
Missiles
 b - 5 boomerangs
 c - 3 stones (quivered)
Armour
 h - a +0 ring mail (worn)
Jewellery
 d - a ring of positive energy (left hand)
Scrolls
 f - a scroll of revelation {unknown}
 i - a scroll of acquirement {unknown}
 j - a scroll of identify {unknown}
Potions
 e - a potion of enlightenment {unknown}
 g - a potion of curing {unknown}


   Skills:
 + Level 4.2 Fighting
 + Level 4.5 Axes
 + Level 2.8 Armour
 + Level 2.7 Dodging


You had 2 spell levels left.
You didn't know any spells.
Your spell library contained the following spells:

 Spells                   Type           Power      Damage    Failure   Level
 Summon Guardian Golem    Hex/Summ       0%         N/A       95%         3
 Orb of Destruction       Conj           0%         9d5       100%        7
 Spellforged Servitor     Conj/Summ      0%         N/A       100%        7


Dungeon Overview and Level Annotations

Branches:
Dungeon (3/15)

Altars:


Innate Abilities, Weirdness & Mutations

You have a pair of horns on your head.
You reflexively headbutt those who attack you in melee.


Message History

You miss something. You headbutt something. You hit something.
Something hits you but does no damage.
You barely miss something. Your headbutt misses something.
You hear some strange, mumbled words.
You are confused.
You bump into the rock wall.
You hit something. Something hits you but does no damage.
You closely miss something.
You hear some strange, mumbled words.
A magic dart appears from out of thin air!
The magic dart hits you!
You miss something. Something hits you.
You completely miss something.
You bump into the rock wall.
You are no longer berserk.
You are exhausted.
You feel yourself slow down. Something hits you but does no damage.
You hear some strange, mumbled words.
A puff of flame appears from out of thin air!
The puff of flame hits you.
* * * LOW HITPOINT WARNING * * *
You feel less confused.
You hear some strange, mumbled words.
You are confused.
Unknown command.
You bump into the rock wall.
You bump into the rock wall.
You hear some strange, mumbled words.
A magic dart appears from out of thin air!
The magic dart hits you.
* * * LOW HITPOINT WARNING * * *
Something hits you but does no damage.
You bump into the rock wall.
You hear some strange, mumbled words.
You are more confused.
You bump into the rock wall.
You hear some strange, mumbled words.
A magic dart appears from out of thin air!
The magic dart hits you.
You die...

...#.#########
#.....)o{@.<#
.....#########
... #


You could see an orc.

Vanquished Creatures
  An orc wizard (D:3)
  2 orcs (D:3)
  A bat (D:1)
  A giant cockroach (D:1)
  A goblin (D:1)
  4 hobgoblins (D:1)
  2 kobolds (D:1)
  2 quokkas (D:1)
  2 ball pythons (D:1)
  A frilled lizard (D:1)
17 creatures vanquished.

Notes
Turn   | Place    | Note
-------+----------+-------------------------------------------
     0 | D:1      | snetch the Minotaur Berserker began the quest for the Orb.
     0 | D:1      | Reached XP level 1. HP: 19/19 MP: 0/0
   148 | D:1      | Reached XP level 2. HP: 26/27 MP: 1/1
   449 | D:3      | Reached XP level 3. HP: 33/33 MP: 2/2
   465 | D:3      | Killed from afar by an orc wizard

Illustrated notes

Levels and vault maps discovered:
D:1:      noname_arrival_rooms_in_the_neighbourhood, layout_loops_ring,
          minmay_lizard_king
D:2:      layout_loops_cross, chequers_ecumenical_altar_twisty, basic_altar,
          uniq_terence, uniq_robin
D:3:      layout_basic, nemelex_altar_shiori, nicolae_shop_vocational,
          uniq_grinder, uniq_jessica

Skill      XL: |  1  2 |
---------------+-------+-----
Axes           | 4 |  4.5
Fighting       | 4 |  4.2
Armour         | |  2.8
Dodging        | |  2.7

Action                     || total
---------------------------++-------
  Melee: Hand axe          ||    44
         Headbutt          ||     3
  Throw: Stone             ||     1
 Invoke: Berserk           ||     1
 Armour: Animal skin       ||     7
         Ring mail         ||    13
  Dodge: Dodged            ||    20

Table legend: (Time is in decaauts)
 A = Elapsed time spent in this place.
 B = Non-inter-level travel time spent in this place.
 C = Inter-level travel time spent in this place.
 D = Time resting spent in this place.
 E = Time spent auto-exploring this place.
 F = Levels seen in this place.
 G = Mean time per level.
                   A        B        C        D        E       F      G
               +--------+--------+--------+--------+--------+-----+--------+
         Total |    465 |    465 |      0 |      0 |    258 |   3 |  155.0 |
       Dungeon |    465 |    465 |      0 |      0 |    258 |   3 |  155.0 |
               +--------+--------+--------+--------+--------+-----+--------+

Top non-repeatable levels by time:
     D:1: 422 daAuts
     D:3: 36 daAuts
     D:2: 7 daAuts
